 Dungeon Crawl Stone Soup version 0.18.1-48-g4cf74bf (webtiles) character file.

207 Mesmaeker13 the Poker (level 5, -1/42 HPs)
             Began as a Demonspawn Gladiator on Aug 3, 2016.
             Slain by a sky beast (5 damage)
             ... on level 4 of the Dungeon.
             The game lasted 00:09:21 (3119 turns).

Mesmaeker13 the Poker (Demonspawn Gladiator)        Turns: 3119, Time: 00:09:21

Health: -1/42      AC:  6    Str: 15    XL:     5   Next: 54%
Magic:  5/5        EV: 11    Int: 11    God:
Gold:   112        SH:  0    Dex: 13    Spells: 0 memorised, 4 levels left

rFire  . . .     SeeInvis .     a - +0 trident
rCold  + + .     Gourm    .     w - +0 ring mail
rNeg   . . .     Faith    .     (no shield)
rPois  .         Spirit   .     (helmet restricted)
rElec  .         Dismiss  .     (no cloak)
rCorr  .         Reflect  .     g - +0 pair of gloves
SustAt .         Harm     .     (no boots)
MR     .....                    D - amulet of inaccuracy (curse)
Stlth  ..........               z - ring of loudness (curse)
                                m - ring of protection from cold

@: not resistant to hostile enchantments, extremely unstealthy
A: horns 1, cold resistance 1, rot immunity
a: no special abilities


You were on level 4 of the Dungeon.
You were not hungry.

You visited 1 branch of the dungeon, and saw 4 of its levels.

You collected 112 gold pieces.

Inventory:

Hand Weapons
 a - a +0 trident (weapon)
 i - a +0 blowgun
 j - a +1 antimagic dagger
 l - a +0 dagger of draining
 r - a +0 vampiric dagger
Missiles
 b - 8 javelins
 d - 3 throwing nets (quivered)
 h - 38 poisoned needles
Armour
 g - a +0 pair of gloves (worn)
 w - a +0 ring mail (worn)
Magical Staves
 y - a cursed staff of cold {unknown}
Jewellery
 m - a ring of protection from cold (left hand)
 z - a cursed ring of loudness (right hand)
 A - an uncursed amulet of magic regeneration
 D - a cursed amulet of inaccuracy (around neck)
Wands
 B - a wand of random effects (29/48)
 C - a wand of lightning (5/15)
Scrolls
 k - 2 scrolls of immolation
 o - 2 scrolls of enchant armour
 t - a scroll of fog
 u - 3 scrolls of teleportation
 x - a scroll of enchant weapon
 E - a scroll of remove curse {unknown}
Potions
 n - a potion of degeneration {unknown}
 p - a potion of brilliance
 s - 2 potions of berserk rage {unknown}
 v - a potion of mutation {unknown}
 F - a potion of haste {unknown}
Comestibles
 c - a chunk of flesh
 f - 4 bread rations
 q - 2 meat rations


   Skills:
 + Level 4.2 Fighting
 + Level 4.2 Polearms
 - Level 1.7 Throwing
 + Level 3.1 Dodging


You had 4 spell levels left.
You didn't know any spells.

Dungeon Overview and Level Annotations

Branches:
Dungeon (4/15)
 Temple: D:4-7

Altars:
Fedhas
Okawaru
Xom
Yredelemnul
Zin

Annotations:
D:3 exclusion: oklob plant


Innate Abilities, Weirdness & Mutations

You have a pair of small horns on your head.
Your flesh is cold resistant.
You are immune to rotting.


Message History

The sky beast is severely wounded.
The sky beast misses you.
The sky beast flickers out of sight!
Deactivating autopickup; reactivate with Ctrl-A.
Something hits you but does no damage.
No target in view!
No target in view!
No target in view!
No target in view!
You miss something. Something hits you but does no damage.
You hit something. You headbutt something.
Something hits you but does no damage.
You hit something but do no damage. Your headbutt misses something.
Something hits you but does no damage.
You closely miss something. Something hits you but does no damage.
You closely miss something. Something hits you. Something shocks you.
* * * LOW HITPOINT WARNING * * *
You completely miss something. Something hits you.
* * * LOW HITPOINT WARNING * * *
Something shocks you.
You die...

..............#......>..#
..#...##..##.##.........#
.......................##
...#####.....##.........#
.#..##.......##.........#
#.....#....##.........#
#...#.......##.........#
#..#......##..{........#
.............##@......##
.......<...#####.....##
..#........# #######
.#........## ...........#
...........# (.#........#
. #......Y.. #.#.....#.#


There were no monsters in sight!

Vanquished Creatures
  A howler monkey (D:2)
  A worker ant (D:3)
  4 gnolls (D:3)
  3 adders
  2 worms
  3 dart slugs
  A giant gecko (D:3)
  6 orcs (D:3)
  11 bats
  3 giant cockroaches
  5 goblins
  7 hobgoblins
  A ball python (D:3)
  5 giant newts
  6 kobolds
  5 rats
64 creatures vanquished.

Notes
Turn   | Place    | Note
--------------------------------------------------------------
     0 | D:1      | Mesmaeker13 the Demonspawn Gladiator began the quest for the Orb.
     0 | D:1      | Reached XP level 1. HP: 16/16 MP: 1/1
   191 | D:1      | Gained mutation: You have a pair of small horns on your head. [demonic ancestry]
   191 | D:1      | Reached XP level 2. HP: 21/23 MP: 2/2
   732 | D:2      | Found a glowing silver altar of Zin.
   840 | D:2      | Gained mutation: Your flesh is cold resistant. [demonic ancestry]
   840 | D:2      | Reached XP level 3. HP: 28/28 MP: 3/3
   867 | D:2      | Found an iron altar of Okawaru.
  1300 | D:2      | Found a basalt altar of Yredelemnul.
  1465 | D:2      | Gained mutation: You are immune to rotting. [demonic ancestry]
  1465 | D:2      | Reached XP level 4. HP: 35/36 MP: 4/4
  1585 | D:3      | Found a shimmering altar of Xom.
  2029 | D:3      | Reached XP level 5. HP: 33/42 MP: 5/5
  2206 | D:3      | Found a blossoming altar of Fedhas.
  2219 | D:3      | Noticed an oklob plant
  3084 | D:4      | Noticed a sky beast
  3119 | D:4      | Slain by a sky beast

Skill      XL: |  1  2  3  4  5 |
---------------+----------------+-----
Polearms       | 3 4 |  4.2
Fighting       | 3 4 |  4.2
Dodging        | 3 |  3.1
Throwing       | |  1.7

Action                   |  1- 3 |  4- 6 || total
-------------------------+-------+-------++-------
Melee: Trident           |   118 |   164 ||   282
       Headbutt          |     9 |    17 ||    26
  Use: Scroll            |     3 |     4 ||     7
       Potion            |     2 |     3 ||     5
 Stab: Sleeping          |     1 |       ||     1
  Eat: Chunk             |     2 |     5 ||     7
Armor: Leather armour    |    14 |       ||    14
       Ring mail         |    25 |    33 ||    58
       Skin              |    11 |    16 ||    27
Dodge: Dodged            |    64 |    54 ||   118
